 Dungeon Crawl Stone Soup version 0.31.0-11-ge490571c62 (webtiles) character file.

Game seed: 15148698762418589308

2700287 Implojin the Wrestler (level 24, 201/201 (207) HPs)
             Began as a Demigod Shapeshifter on Jan 31, 2024.
             Escaped with the Orb
             ... and 5 runes
             ... and 2 gems (both intact)!
             The game lasted 04:19:57 (97291 turns).

Implojin the Wrestler (Demigod Shapeshifter)       Turns: 97291, Time: 04:19:57

HP:   201/201 (207) AC: 32    Str: 33    XL:     24   Next: 94%
MP:   27/27         EV: 41    Int: 16    God:
Gold: 500           SH: 32    Dex: 34    Spells: 23/23 levels left

rFire   + +          .
                       - Unarmed
rCold   + . .        v - +0 tower shield {rC+}
rNeg    + . .        P - +6 fire dragon scales
rPois   .            J - +2 hat of Banynlyk {Rampage rF- Regen+ Str+3}
rElec   +            h - +4 dragonskin cloak
rCorr   +            N - +2 pair of gloves "Igiubb" {*Slow Will++ Dex+3 SInv}
SInv    +            p - +2 pair of boots {Fly}
Will    ++++.        V - brooch of Shielding {Spirit SH+8}
Stlth   +            X - ring of Zoral {rElec rN+ rCorr EV+5}
HPRegen 1.33/turn    G - ring "Ange" {EV+5 Dex+3 Stlth+}
MPRegen 0.20/turn

%: slow self (1%), guardian spirit, rampage
@: flying, studying 2 skills, lightly drained
A: high MP 1, forlorn, divine attributes, antennae 1, clever 1, cold resistance
1, deformed body, fire resistance 1, frail 1
0: Orb of Zot
}: 5/15 runes: decaying, serpentine, slimy, silver, abyssal
a: no special abilities


You escaped.
You visited 10 branches of the dungeon, and saw 52 of its levels.
You visited the Abyss 2 times.
You visited 1 bazaar.
You also visited: Ice Cave and Wizlab.

You collected 7433 gold pieces.
You spent 6933 gold pieces at shops.

Inventory:

Missiles
 e - 18 javelins
 j - 5 curare-tipped darts
 O - 5 boomerangs (quivered)
 Z - 4 silver javelins
Armour
 c - the orb "Peng" {*channel, rF+}
   (You took it off Frederick on level 2 of the Vaults)

   rF+:       It protects you from fire.
 h - the +4 dragonskin cloak (worn)
   (You took it off Tiamat on level 2 of the Realm of Zot)

   Avatar's Aegis: It grants the wearer a chance to resist fire, cold, poison,
   electricity, acid, and negative energy.
 i - a +2 helmet
 p - a +2 pair of boots of flying (worn)
 q - the +11 plate armour of the Fifty Tales {Regen+ Str+3 Int+3}
   (You found it on level 3 of the Realm of Zot)

   Str+3:     It affects your strength (+3).
   Int+3:     It affects your intelligence (+3).
   Regen+:    It increases your rate of health regeneration.
 v - a +0 tower shield of cold resistance (worn)
 J - the +2 hat of Banynlyk (worn) {Rampage rF- Regen+ Str+3}
   (You found it on level 2 of the Depths)

   Str+3:     It affects your strength (+3).
   rF-:       It makes you vulnerable to fire.
   Regen+:    It increases your rate of health regeneration.
   Rampage:   It bestows one free step when moving towards enemies.
 N - the +2 pair of gloves "Igiubb" (worn) {*Slow Will++ Dex+3 SInv}
   (You acquired it on level 1 of the Elven Halls)

   Dex+3:     It affects your dexterity (+3).
   Will++:    It greatly increases your willpower.
   SInv:      It lets you see invisible.
   *Slow:     It may slow you when you take damage.
 P - +6 fire dragon scales (worn)
 R - a scarf of resistance
Jewellery
 l - a ring of protection from fire
 n - the ring of Nastaos {Ice Str+3 Int+3 Dex+2}
   (You took it off an ironbound thunderhulk in a wizard's laboratory)

   [ring of ice]

   Ice:       It enhances your ice magic.
   Str+3:     It affects your strength (+3).
   Int+3:     It affects your intelligence (+3).
   Dex+2:     It affects your dexterity (+2).
   rF-:       It makes you vulnerable to fire.
   rC+:       It protects you from cold.
 A - the ring "Qiythreo" {Ice rPois Int+2 Dex+3}
   (You took it off an ironbound convoker on level 5 of the Vaults)

   [ring of ice]

   Ice:       It enhances your ice magic.
   Int+2:     It affects your intelligence (+2).
   Dex+3:     It affects your dexterity (+3).
   rF-:       It makes you vulnerable to fire.
   rC+:       It protects you from cold.
   rPois:     It protects you from poison
 E - the amulet of Ejothrer {Harm Regen+ Dex+3 Stlth-}
   (You found it on level 5 of the Pits of Slime)

   [amulet of regeneration]

   Dex+3:     It affects your dexterity (+3).
   Regen+:    It increases your rate of health regeneration.
   Harm:      It increases damage dealt and taken.
   Stlth-:    It makes you less stealthy.
 F - the amulet of Linearity {RegenMP rC+}
   (You took it off a draconian monk on level 4 of the Realm of Zot)

   [amulet of magic regeneration]

   RegenMP:   It increases your rate of magic regeneration.
   rC+:       It protects you from cold.
 G - the ring "Ange" (right hand) {EV+5 Dex+3 Stlth+}
   (You bought it in a shop on level 2 of the Orcish Mines)

   [ring of evasion]

   EV+5:      It affects your evasion (+5).
   Dex+3:     It affects your dexterity (+3).
   Stlth+:    It makes you more stealthy.
 K - a ring of see invisible
 T - the ring "Dirghamel" {Fire rCorr Str-5 Int+3 SInv}
   (You found it on level 12 of the Dungeon)

   [ring of fire]

   Fire:      It enhances your fire magic.
   Str-5:     It affects your strength (-5).
   Int+3:     It affects your intelligence (+3).
   rF+:       It protects you from fire.
   rC-:       It makes you vulnerable to cold.
   SInv:      It lets you see invisible.
   rCorr:     It protects you from acid and corrosion.
 V - the brooch of Shielding (around neck) {Spirit SH+8}
   (You found it on level 5 of the Pits of Slime)

   [amulet of guardian spirit]

   Spirit:    It causes incoming damage to be divided between your reserves of
   health and magic.
   SH+8:      It affects your SH (+8).
 X - the ring of Zoral (left hand) {rElec rN+ rCorr EV+5}
   (You took it off a necromancer on level 2 of the Vaults)

   [ring of evasion]

   EV+5:      It affects your evasion (+5).
   rElec:     It insulates you from electricity.
   rN+:       It protects you from negative energy.
   rCorr:     It protects you from acid and corrosion.
 Y - the ring "Xagh" {Fire Int+2 Dex+4}
   (You found it in a wizard's laboratory)

   [ring of fire]

   Fire:      It enhances your fire magic.
   Int+2:     It affects your intelligence (+2).
   Dex+4:     It affects your dexterity (+4).
   rF+:       It protects you from fire.
   rC-:       It makes you vulnerable to cold.
Wands
 a - a wand of mindburst (34)
 g - a wand of charming (27)
 I - a wand of acid (42)
Scrolls
 d - a scroll of fog
 k - 11 scrolls of vulnerability
 m - 2 scrolls of fear
 u - a scroll of summoning
 y - 2 scrolls of blinking
 B - 3 scrolls of teleportation
 D - 4 scrolls of silence
 H - 2 scrolls of immolation
Potions
 b - 4 potions of magic
 f - 4 potions of curing
 o - a potion of resistance
 r - a potion of invisibility
 s - 3 potions of mutation
 t - a potion of berserk rage
 w - 3 potions of heal wounds
 x - 5 potions of enlightenment
 C - a potion of haste
 M - 5 potions of attraction
Miscellaneous
 z - a condenser vane
 U - a sack of spiders


   Skills:
 - Level 22.0 Fighting
 - Level 7.0 Throwing
 - Level 18.5 Armour
 - Level 18.0 Dodging
 - Level 15.0 Shields
 * Level 26.0 Unarmed Combat
 - Level 8.0 Evocations
 - Level 2.6 Shapeshifting


You had 23 spell levels left.
You didn't know any spells.
Your spell library contained the following spells:

 Spells                   Type           Power      Damage    Failure   Level
 Foxfire                  Conj/Fire      0%         2x1d4     63%         1
 Freeze                   Ice            0%         1d3       63%         1
 Kiss of Death            Conj/Necr      0%         2d5       63%         1
 Magic Dart               Conj           0%         1d3       63%         1
 Slow                     Hex            0%         N/A       63%         1
 Sting                    Conj/Alch      0%         1d3       63%         1
 Blink                    Tloc           0%         N/A       77%         2
 Call Imp                 Summ           0%         N/A       77%         2
 Cigotuvi's Dreadful Rot  Necr/Alch/Air  0%         N/A       77%         2
 Ensorcelled Hibernation  Hex/Ice        0%         N/A       77%         2
 Jinxbite                 Hex            0%         N/A       77%         2
 Lesser Beckoning         Tloc           0%         N/A       77%         2
 Mercury Vapours          Alch/Air       0%         N/A       77%         2
 Momentum Strike          Conj/Tloc      0%         3d8       77%         2
 Searing Ray              Conj           0%         2d4       77%         2
 Static Discharge         Conj/Air       0%         3-3/arc   77%         2
 Sublimation of Blood     Necr           0%         N/A       77%         2
 Confusing Touch          Hex            0%         N/A       94%         3
 Frozen Ramparts          Ice            0%         1d1       94%         3
 Fugue of the Fallen      Necr           0%         N/A       94%         3
 Hailstorm                Conj/Ice       0%         3d5       94%         3
 Inner Flame              Hex/Fire       0%         N/A       94%         3
 Mephitic Cloud           Conj/Alch/Air  0%         N/A       94%         3
 Ozocubu's Armour         Ice            0%         N/A       94%         3
 Passwall                 Erth           0%         N/A       94%         3
 Sigil of Binding         Hex            0%         N/A       94%         3
 Summon Ice Beast         Ice/Summ       0%         N/A       94%         3
 Swiftness                Air            0%         N/A       94%         3
 Tukima's Dance           Hex            0%         N/A       94%         3
 Vampiric Draining        Necr           0%         2d6       94%         3
 Airstrike                Air            0%         2d(0-16)  100%        4
 Anguish                  Hex/Necr       0%         N/A       100%        4
 Animate Armour           Summ/Erth      0%         N/A       100%        4
 Animate Dead             Necr           0%         N/A       100%        4
 Dimensional Bullseye     Hex/Tloc       0%         N/A       100%        4
 Dispel Undead            Necr           0%         3d6       100%        4
 Flame Wave               Conj/Fire      0%         2d4       100%        4
 Fulminant Prism          Conj/Alch      0%         3d5       100%        4
 Ignite Poison            Fire/Alch      0%         N/A       100%        4
 Iskenderun's Mystic Bla  Conj/Tloc      0%         2d3       100%        4
 Leda's Liquefaction      Alch/Erth      0%         N/A       100%        4
 Manifold Assault         Tloc           0%         N/A       100%        4
 Martyr's Knell           Necr/Summ      0%         N/A       100%        4
 Olgreb's Toxic Radiance  Alch           0%         N/A       100%        4
 Passage of Golubria      Tloc           0%         N/A       100%        4
 Petrify                  Alch/Erth      0%         N/A       100%        4
 Sticky Flame             Fire/Alch      0%         2d4       100%        4
 Summon Blazeheart Golem  Fire/Summ      0%         N/A       100%        4
 Summon Lightning Spire   Summ/Air       0%         N/A       100%        4
 Vhi's Electric Charge    Tloc/Air       0%         N/A       100%        4
 Arcjolt                  Conj/Air       0%         1d10      100%        5
 Curse of Agony           Necr           0%         N/A       100%        5
 Fireball                 Conj/Fire      0%         3d3       100%        5
 Freezing Cloud           Conj/Ice/Air   0%         6-21      100%        5
 Iskenderun's Battlesphe  Conj           0%         2d6       100%        5
 Lee's Rapid Deconstruct  Erth           0%         3d4*      100%        5
 Metabolic Englaciation   Hex/Ice        0%         N/A       100%        5
 Summon Forest            Summ/Tloc      0%         N/A       100%        5
 Summon Mana Viper        Hex/Summ       0%         N/A       100%        5
 Yara's Violent Unravell  Hex/Alch       0%         3d3       100%        5
 Bombard                  Conj/Erth      0%         9d1       100%        6
 Conjure Ball Lightning   Conj/Air       0%         3x3d6     100%        6
 Death Channel            Necr           0%         N/A       100%        6
 Dispersal                Tloc           0%         N/A       100%        6
 Plasma Beam              Fire/Air       0%         2x1d10    100%        6
 Sculpt Simulacrum        Ice/Alch       0%         N/A       100%        6
 Starburst                Conj/Fire      0%         6d3       100%        6
 Summon Cactus Giant      Summ           0%         N/A       100%        6
 Enfeeble                 Hex            0%         N/A       100%        7
 Haunt                    Necr/Summ      0%         N/A       100%        7
 Monstrous Menagerie      Summ           0%         N/A       100%        7
 Spellforged Servitor     Conj/Summ      0%         N/A       100%        7
 Summon Hydra             Summ           0%         N/A       100%        7
 Borgnjor's Revivificati  Necr           0%         N/A       100%        8
 Discord                  Hex            0%         N/A       100%        8
 Disjunction              Tloc           0%         N/A       100%        8
 Ignition                 Fire           0%         3d3       100%        8
 Infestation              Necr           0%         N/A       100%        8
 Death's Door             Necr           0%         N/A       100%        9
 Shatter                  Erth           0%         3d5*      100%        9


Dungeon Overview and Level Annotations

Branches:
Dungeon (15/15)            Temple (0/1) D:4            Lair (5/5) D:8
  Swamp (4/4) Lair:3        Snake (4/4) Lair:3        Slime (5/5) Lair:4
    Orc (2/2) D:12            Elf (3/3) Orc:2        Vaults (5/5) D:14
  Crypt (0/3) Vaults:3     Depths (4/4) D:15            Zot (5/5) Depths:4
  IceCv (visited)          WizLab (visited)

Shops:
D:1 =   D:10 ?   D:14 ?   Orc:1 :   Orc:2 [:=?   Elf:1 ?   Snake:1 **
Snake:2 ::=   Vaults:1 *   Vaults:3 [

Portals:
Hell: Depths:1 Depths:2 Depths:3 Depths:4
Abyss: Depths:3 Depths:4
Pandemonium: Depths:2
Ziggurat: Depths:3

Annotations:
Swamp:3 Mara
Swamp:4 Roxanne
Snake:4 1 runed translucent door, exclusion: door, Zonian's ghost, adept HOFi


Innate Abilities, Weirdness & Mutations

You have an increased reservoir of magic. (+10% MP)
You shall have no god before yourself.
Your divine heritage dramatically boosts your attributes as you level up.
You have a pair of small antennae on your head.
Your mind is acute. (Int +4, Str/Dex -1)
Your flesh is cold resistant. (rC+)
Armour fits poorly on your strangely shaped body.
Your flesh is heat resistant. (rF+)
You are frail. (-10% HP)


Message History

You block the sun demon's attack. x2
The sun demon attacks as it pursues you!
You block the sun demon's attack.
There is a stone staircase leading up here.
You block the sun demon's attack.
You fly upwards.
There is a stone staircase leading down here.
Unknown command.
You hit the sun demon but do no damage. You pummel the sun demon!!
The sun demon is heavily wounded.
You block the sun demon's attack.
You pulverise the sun demon!!!
You kill the sun demon!
(D) Dungeon (T) Temple (L) Lair (S) Swamp (P) Snake Pit (M) Slime Pits (O) Orcish Mines (E) Elven Halls (V) Vaults (C) Crypt (U) Depths (H) Hell (Z) Zot
Where to? (Tab/Enter - D:1, ? - help)
Things that are here:
a +0 robe; a +0 dagger
Things that are here:
a +0 robe; a +0 dagger
Things that are here:
a +0 scale mail; a +0 trident; a +0 club
There is a stone staircase leading up, spattered with blood here.
You fly upwards.
There is a stone staircase leading down, spattered with blood here.
There is a stone staircase leading up here.
You fly upwards.
There is a stone staircase leading down here.
You see here a +0 ring mail.
There is a stone staircase leading up here.
You fly upwards.
There is a stone staircase leading down here.
There is a stone staircase leading up here.
You fly upwards.
There is a stone staircase leading down here.
There is a staircase leading out of the dungeon here.
You have escaped!

######..#
#............## #.#
......#.#
#...##+####..####.##
......#.#
#...##...##..##.....
......#.####
#...#.###.#..#..####
......#....#
#...#.#8#.'..#.##
......####.#
#...#.#'#.#....#
......# #.#
#...##...##..###
......#
#.###...#######..#
......#
#.##...@.........#
......#
#..#.............#
#####.#
##.#..)..........# #
#.#
#.#.############# #
#.# #.#.# # #.#
#.>.# # #.# ##.##
#####.# #.#
....#.######.#


There were no monsters in sight!

Vanquished Creatures
  the Royal Jelly (Slime:5)
  Tiamat (Zot:2)
  Frederick (Vaults:2)
  10 dread liches
  5 ancient liches
  2 orbs of fire
  A juggernaut (Depths:2)
  Sojobo (Depths:1)
  A Killer Klown (Zot:5)
  Saint Roka (Depths:1)
  The ghost of Dameikh the Hoplite, a veteran FoFi of Nemelex Xobeh (Depths:1)
  Boris (Depths:1)
  the Lernaean hydra (Swamp:4)
  9 golden dragons
  Norris (Depths:3)
  the Enchantress (Depths:1)
  3 electric golems
  2 bone dragons (Depths:4)
  10 tentacled monstrosities
  An iron giant (Zot:4)
  3 liches
  7 titans
  4 deep elf blademasters
  23 Orb Guardians
  A quicksilver dragon (Zot:3)
  4 deep elf master archers (Elf:3)
  The ghost of Eugor the Eclecticist, an adept DrIE of Qazlal (Elf:1)
  10 acid blobs
  2 Executioners
  6 death cobs
  9 sphinxes
  2 tentacled starspawn (Abyss:3)
  An ancient champion (Elf:1)
  7 tengu reavers
  11 shadow dragons
  The ghost of MadMike78 the Blocker, an adept GnFi of Cheibriados (Swamp:3)
  A revenant (Vaults:3)
  Aizul (Snake:1)
  6 nagarajas
  Donald (Snake:1)
  8 storm dragons
  14 draconian monks
  3 draconian knights
  A daeva (Abyss:3)
  11 rockslimes
  6 frost giants
  13 fire giants
  5 draconian shifters
  6 azure jellies
  4 draconian scorchers
  8 deep elf sorcerers
  12 vault wardens
  3 iron dragons
  3 deep elf elementalists (Elf:3)
  2 balrugs
  A ghost moth (Zot:4)
  4 draconian annihilators
  A draconian stormcaller (Zot:3)
  3 spriggan defenders
  An orc warlord (Vaults:3)
  A ghoul (Vaults:3)
  8 quicksilver oozes
  9 ironbound thunderhulks
  14 stone giants
  7 formless jellyfish
  16 ironbound preservers
  21 very ugly things
  5 deep elf demonologists (Elf:3)
  10 black draconians
  5 deep elf death magi
  13 green draconians
  5 eleionomae
  10 purple draconians
  7 spark wasps (Depths:3)
  5 yellow draconians
  12 white draconians
  2 vampire knights (Zot:1)
  A lorocyproca (D:13)
  5 war gargoyles
  12 red draconians
  6 dire elephants
  12 deep elf annihilators (Elf:3)
  An eidolon (Depths:4)
  11 fire dragons
  A green death (Depths:2)
  Josephine (D:13)
  A mummy priest (Elf:3)
  3 crystal guardians
  An entropy weaver (Vaults:1)
  A quicksilver dragon zombie (D:15)
  An entropy weaver (shapeshifter) (Elf:1)
  13 ettins
  12 yaktaur captains
  The ghost of Long the Thaumaturge, a journeyman DsEE of Dithmenos (Lair:1)
  6 deep elf high priests
  2 great orbs of eyes (shapeshifter) (Abyss:4)
  3 rakshasas
  26 vault guards (Vaults:4)
  12 great orbs of eyes
  23 hydras
  Erolcha (Orc:2)
  2 hell beasts
  17 ice dragons
  3 spriggan air magi
  7 alligators
  4 ghost crabs
  A hydra (shapeshifter) (Abyss:4)
  4 peacekeepers
  5 ogre magi
  5 anacondas
  7 boulder beetles
  A catoblepas (D:15)
  8 centaur warriors
  6 death yaks (Lair:5)
  9 ironbound frosthearts
  A two-headed ogre (shapeshifter) (Vaults:1)
  6 tengu warriors
  10 two-headed ogres
  36 dancing weapons
  A torpor snail (shapeshifter) (Vaults:5)
  8 naga warriors
  6 thrashing horrors
  7 deep troll shamans
  2 vampire magi
  A demonic crawler (Zot:1)
  11 deep troll earth magi
  16 naga sharpshooters
  2 hell hogs
  5 spriggan berserkers
  13 shock serpents
  A shock serpent (shapeshifter) (Elf:3)
  6 orc high priests
  3 occultists
  10 deep elf knights
  A soul eater (Depths:1)
  3 sun demons
  Nergalle (Orc:2)
  A wretched star (Abyss:3)
  6 hell knights
  A fire crab (shapeshifter) (Depths:4)
  5 skysharks
  2 shadow wraiths (Vaults:2)
  A storm dragon zombie (D:15)
  7 salamander mystics
  A goliath frog (Swamp:1)
  9 mana vipers
  A skyshark (shapeshifter) (Depths:1)
  4 skeletal warriors
  7 iron trolls
  A spark wasp zombie (D:15)
  14 bog bodies
  16 ironbound convokers
  A deep troll (shapeshifter) (Vaults:4)
  45 deep trolls
  2 spriggan druids
  A shining eye (shapeshifter) (Vaults:4)
  An orange crystal statue (D:11)
  2 shadow demons (Elf:3)
  8 arcanists
  3 flayed ghosts (Depths:3)
  A golden dragon skeleton (Depths:2)
  14 swamp dragons
  4 naga ritualists
  4 harpies (Vaults:2)
  23 deep elf zephyrmancers
  6 lindwurms
  6 deep elf archers
  A glowing orange brain (Depths:1)
  A shadow dragon zombie (Vaults:2)
  2 wolf spiders
  2 lightning spires
  A phantasmal warrior (Vaults:3)
  25 deep elf pyromancers
  6 necromancers
  7 orc knights
  38 ugly things
  A wolf spider (shapeshifter) (Vaults:5)
  3 shining eyes
  3 will-o-the-wisps
  6 cyclopes
  A salamander (shapeshifter) (Elf:1)
  A stone giant zombie (Vaults:2)
  9 orc sorcerers
  5 manticores
  21 salamanders
  A worldbinder (Abyss:3)
  11 elephants
  2 manticores (shapeshifter)
  7 large abominations
  26 moths of wrath
  A meliai (D:13)
  4 guardian serpents
  12 naga magi
  3 eyes of devastation
  2 ice statues (IceCv)
  29 black mambas
  18 vault sentinels
  2 molten gargoyles (WizLab)
  10 apocalypse crabs (Depths:3)
  2 smoke demons
  2 guardian serpents (shapeshifter) (Abyss:4)
  12 cane toads
  Jeremiah (Lair:1)
  An orange demon (D:13)
  8 gargoyles
  A yaktaur zombie (Vaults:2)
  A hellion (Abyss:3)
  7 rime drakes
  3 efreet
  9 unseen horrors
  14 komodo dragons
  3 kobold demonologists
  24 yaktaurs
  An unseen horror (shapeshifter) (D:13)
  5 freezing wraiths
  An ancient zyme (Abyss:2)
  5 tengu conjurers
  A red devil (Abyss:3)
  A troll (shapeshifter) (D:14)
  2 tormentors
  3 tyrant leeches
  A silent spectre (Abyss:3)
  5 trolls
  4 polar bears
  7 raiju (Abyss:3)
  18 blink frogs
  14 hornets
  A glass eye (Slime:5)
  A snapping turtle (shapeshifter) (Depths:3)
  A frost giant simulacrum (Depths:2)
  55 slime creatures
  3 shadows
  4 air elementals
  A ynoxinul (Depths:2)
  10 wyverns
  8 fire elementals
  6 wraiths
  11 spriggans
  2 golden eyes (Slime:1)
  4 water elementals
  Eustachio (D:5)
  23 vampire mosquitoes
  10 basilisks
  17 humans
  2 wargs (Orc:1)
  A redback (Lair:5)
  38 yaks
  2 steam dragons
  4 neqoxecs
  A yaktaur simulacrum (Vaults:2)
  6 swamp worms
  2 acid dragons (Lair:5)
  39 nagas
  8 swamp drakes
  27 water moccasins
  A swamp drake (shapeshifter) (D:15)
  4 hell hounds (D:14)
  12 orc warriors
  4 sky beasts
  3 ice beasts
  3 small abominations (Abyss:3)
  21 ogres
  4 boggarts
  5 starcursed masses (Abyss:4)
  5 wolves (Lair:3)
  3 phantoms
  10 centaurs
  6 kobold brigands
  6 bullfrogs
  4 earth elementals
  A gnoll sergeant (D:12)
  A glowing shapeshifter simulacrum (Depths:2)
  7 scorpions
  8 wights
  8 killer bees
  13 howler monkeys
  2 bombardier beetles
  4 jellies
  20 orc priests
  Crazy Yiuf (D:5)
  2 hounds
  3 gnoll boudas
  An iron imp (Abyss:3)
  4 iguanas
  18 hell rats
  34 orc wizards
  2 polar bear simulacra (IceCv)
  6 gnolls
  7 adders
  2 shadow imps
  14 white imps
  A ribbon worm (D:2)
  59 orcs
  4 ball pythons
  3 endoplasms
  A giant cockroach (D:1)
  4 hobgoblins
  2 jackals (D:3)
  29 kobolds
  A quokka (D:4)
  5 bats
  7 frilled lizards
  7 goblins
  9 rats
  2 lurking horrors (Abyss:4)
  2 starspawn tentacles (Abyss:3)
2086 creatures vanquished.

Vanquished Creatures (collateral kills)
  Rupert (Lair:4)
  A nagaraja (Snake:4)
  2 ironbound thunderhulks (WizLab)
  A deep elf high priest (Elf:3)
  An ice dragon (D:12)
  A hell knight (Vaults:2)
  An ugly thing (D:12)
  A meliai (D:13)
  A black mamba (Snake:1)
  A gargoyle (WizLab)
  4 dream sheep (Lair:4)
  A death yak simulacrum (IceCv)
  A swamp worm (Swamp:4)
  A naga (Snake:1)
  A swamp drake (Swamp:4)
  An earth elemental (WizLab)
  A wight (D:8)
  2 orcs (Orc:1)
23 creatures vanquished.

Vanquished Creatures (others)
  A green draconian (Zot:2)
  A war gargoyle (Depths:4)
  A boulder beetle (D:12)
  A deep elf knight (Elf:1)
  3 spriggans
  A deep troll (Depths:1)
  A deep elf archer (Elf:1)
  A deep elf zephyrmancer (Elf:3)
  2 deep elf pyromancers
  A meliai (D:13)
  A komodo dragon (Lair:5)
  A troll (Orc:1)
  2 bloated husks (Swamp:3)
  A hornet (Swamp:3)
  3 tyrant leeches (Swamp:2)
  A water elemental (Elf:2)
  2 wights (D:8)
  22 foxfires
  A lurking horror (Abyss:3)
  6 starspawn tentacles (Abyss:3)
53 creatures vanquished.

Grand Total: 2162 creatures vanquished

Notes
Turn   | Place    | Note
-------+----------+-------------------------------------------
     0 | D:1      | Implojin the Demigod Shapeshifter began the quest for the
                  | Orb.
     0 | D:1      | Reached XP level 1. HP: 15/15 MP: 3/3
   191 | D:1      | Found Ararix Ore's Jewellery Boutique.
   289 | D:1      | Reached skill level 3 in Unarmed Combat
   506 | D:1      | Reached XP level 2. HP: 20/22 MP: 4/4
  2160 | D:3      | Reached XP level 3. HP: 24/27 MP: 5/5
  2237 | D:3      | Reached skill level 4 in Unarmed Combat
  2443 | D:3      | You fall into a shaft and drop 1 floor!
  2458 | D:4      | Noticed a scorpion
  2467 | D:4      | Killed a scorpion
  2468 | D:4      | Reached XP level 4. HP: 36/36 MP: 6/6
  2504 | D:4      | Found a staircase to the Ecumenical Temple.
  3274 | D:4      | Noticed an ogre
  3899 | D:5      | Entered Level 5 of the Dungeon
  3899 | D:5      | Noticed an ice beast
  3921 | D:4      | Reached skill level 5 in Unarmed Combat
  3921 | D:4      | Reached XP level 5. HP: 11/41 MP: 7/7
  4051 | D:5      | Killed an ice beast
  4144 | D:5      | Reached skill level 6 in Unarmed Combat
  4144 | D:5      | Reached skill level 1 in Throwing
  4144 | D:5      | Reached XP level 6. HP: 38/48 MP: 8/8
  4226 | D:5      | Identified the +2 plate armour of the Arcane {+Blink rN+
                  | Will+ rCorr}
  4553 | D:4      | Reached skill level 7 in Unarmed Combat
  4559 | D:4      | Reached XP level 7. HP: 38/56 MP: 9/9
  5398 | D:5      | Reached skill level 8 in Unarmed Combat
  5398 | D:5      | Reached XP level 8. HP: 50/66 MP: 10/10
  5403 | D:5      | Reached skill level 1 in Evocations
  5580 | D:5      | Noticed Eustachio
  5620 | D:5      | Killed Eustachio
  5699 | D:5      | Found a runed translucent door.
  5700 | D:5      | Noticed Crazy Yiuf
  5708 | D:5      | Killed Crazy Yiuf
  5963 | D:6      | Reached skill level 9 in Unarmed Combat
  6399 | D:6      | Reached skill level 10 in Unarmed Combat
  6427 | D:7      | Noticed an Executioner
  6434 | D:7      | Noticed a smoke demon
  6434 | D:7      | Noticed a hellwing
  6458 | D:6      | Reached XP level 9. HP: 58/72 MP: 11/11
  6514 | D:7      | Reached skill level 5 in Fighting
  6738 | D:8      | Noticed a two-headed ogre
  7099 | D:8      | Found a staircase to the Lair.
  7474 | D:8      | Reached skill level 1 in Armour
  7600 | D:8      | Noticed a two-headed ogre
  7606 | D:8      | Killed a two-headed ogre
  7865 | D:8      | Killed a two-headed ogre
  7866 | D:8      | Reached XP level 10. HP: 67/86 MP: 13/13
  8441 | D:4      | Found a staircase to the Ecumenical Temple.
  8989 | D:9      | Reached skill level 11 in Unarmed Combat
  9632 | D:9      | Reached skill level 12 in Unarmed Combat
 10010 | D:9      | Reached skill level 1 in Shields
 10161 | D:10     | Entered Level 10 of the Dungeon
 10189 | D:10     | Found Qyisuh's Magic Scroll Shop.
 10406 | D:1      | Bought a +5 ring of evasion for 396 gold pieces
 10997 | D:10     | Noticed a two-headed ogre
 11006 | D:10     | Killed a two-headed ogre
 11218 | D:10     | Reached skill level 5 in Shields
 11478 | D:11     | Noticed a cyclops
 11561 | D:11     | Killed a cyclops
 11562 | D:11     | Reached XP level 11. HP: 92/92 MP: 14/14
 11574 | D:11     | Reached skill level 5 in Armour
 11599 | D:11     | Noticed an orange crystal statue
 12120 | D:11     | Noticed a two-headed ogre
 12128 | D:11     | Killed a two-headed ogre
 14162 | D:12     | Noticed a deep elf pyromancer
 14194 | D:12     | Killed a deep elf pyromancer
 14237 | D:12     | Found a staircase to the Orcish Mines.
 14402 | D:12     | Reached skill level 5 in Evocations
 14669 | D:12     | Noticed a skeletal warrior
 14699 | D:12     | Killed a skeletal warrior
 14700 | D:12     | Reached skill level 5 in Throwing
 15342 | D:12     | Noticed an ice dragon
 15350 | D:12     | Reached skill level 13 in Unarmed Combat
 15353 | D:12     | Killed an ice dragon
 15356 | D:12     | Noticed a deep elf archer
 15359 | D:12     | Noticed a boulder beetle
 15361 | D:12     | Reached XP level 12. HP: 73/100 MP: 15/15
 15371 | D:12     | Killed a boulder beetle
 15546 | D:12     | Noticed a boulder beetle
 15560 | D:12     | Killed a boulder beetle
 15859 | D:12     | Reached skill level 14 in Unarmed Combat
 16132 | D:12     | Noticed an ogre mage
 16458 | D:13     | Noticed Josephine
 16496 | D:13     | Killed Josephine
 16928 | D:13     | Noticed a boulder beetle
 16940 | D:13     | Killed a boulder beetle
 16941 | D:13     | Reached skill level 15 in Unarmed Combat
 17007 | D:13     | Noticed a six-headed hydra
 17028 | D:13     | Killed a six-headed hydra
 17230 | D:13     | Identified the +8 hand axe of Dafaat {antimagic, rF+}
 17327 | D:13     | Noticed a boulder beetle
 17346 | D:13     | Killed a boulder beetle
 17443 | D:13     | Noticed an eight-headed hydra
 17455 | D:13     | Killed an eight-headed hydra
 17968 | D:14     | Found Qifum's Magic Scroll Boutique.
 17971 | D:14     | Bought a scroll of teleportation for 33 gold pieces
 17971 | D:14     | Bought 2 scrolls of teleportation for 66 gold pieces
 18265 | D:14     | Noticed a boulder beetle
 18278 | D:14     | Killed a boulder beetle
 18541 | D:14     | Noticed Urug
 18836 | D:14     | Noticed a centaur warrior
 18853 | D:14     | Killed a centaur warrior
 18854 | D:14     | Reached XP level 13. HP: 92/105 MP: 16/16
 18959 | D:14     | Reached skill level 10 in Armour
 19066 | D:14     | Urug changed into Urug the elephant
 19066 | D:14     | Noticed Urug
 19072 | D:14     | Killed Urug the elephant
 19336 | D:14     | Found a gate to the Vaults.
 19642 | D:12     | Identified the ring "Dirghamel" {Fire rCorr Str-5 Int+3
                  | SInv}
 19835 | D:12     | Found a staircase to the Orcish Mines.
 20399 | D:15     | Entered Level 15 of the Dungeon
 21047 | D:15     | Found a staircase to the Depths.
 21566 | D:14     | Reached skill level 10 in Fighting
 23370 | D:1      | Bought a +4 ring of protection for 396 gold pieces
 23519 | Lair:1   | Entered Level 1 of the Lair of Beasts
 23537 | Lair:1   | Reached skill level 16 in Unarmed Combat
 23784 | Lair:1   | Noticed Jeremiah
 23811 | Lair:1   | Killed Jeremiah
 24021 | Lair:1   | Found a runed translucent door.
 24022 | Lair:1   | Noticed Long's ghost (journeyman DsEE)
 24067 | Lair:1   | Identified the +6 flail of Experimentation {holy, *Corrode
                  | rElec Dex+3}
 24323 | Lair:1   | Reached XP level 14. HP: 108/121 MP: 17/17
 25880 | Lair:3   | Found a frozen archway.
 25895 | Lair:3   | Reached skill level 17 in Unarmed Combat
 25936 | IceCv    | Entered an ice cave
 25957 | IceCv    | Found a transporter.
 25976 | IceCv    | Found a transporter.
 26426 | Lair:3   | Identified the +4 robe of the Lobster {*Corrode Will+++
                  | Int-2 Archmagi}
 26534 | Lair:3   | Found a staircase to the Swamp.
 26558 | Lair:3   | Found a staircase to the Snake Pit.
 27454 | Lair:3   | Found a staircase to the Snake Pit.
 28269 | Lair:4   | Found a staircase to the Slime Pits.
 28650 | Lair:4   | Noticed Rupert
 28669 | Lair:4   | Killed Rupert
 29209 | Lair:5   | Entered Level 5 of the Lair of Beasts
 29214 | Lair:5   | Identified the +0 cloak of the Cartwright {Harm *Slow Int+4
                  | Dex+2}
 29357 | Lair:5   | Found a gate leading to a gauntlet.
 30674 | Lair:5   | Paralysed by a hornet for 2 turns
 31275 | Lair:5   | Reached XP level 15. HP: 127/132 MP: 18/18
 31567 | Lair:5   | Reached skill level 18 in Unarmed Combat
 32243 | Lair:1   | Killed Long's ghost
 32401 | Orc:1    | Entered Level 1 of the Orcish Mines
 33185 | Orc:1    | Found Zyik Man's Book Shoppe.
 33185 | Orc:1    | Noticed a walking frostbound tome
 33185 | Orc:1    | Noticed a walking crystal tome
 33522 | Orc:2    | Entered Level 2 of the Orcish Mines
 33960 | Orc:2    | Found Vine's Magic Scroll Shop.
 34177 | Orc:2    | Found a staircase to the Elven Halls.
 34354 | Orc:2    | Noticed Nergalle
 34374 | Orc:2    | Killed Nergalle
 34513 | Orc:2    | Found Locuofun's Jewellery Shop.
 34535 | Orc:2    | Noticed Erolcha
 34543 | Orc:2    | Killed Erolcha
 34618 | Orc:2    | Found Adaompue's Book Shop.
 34640 | Orc:2    | Found Kiusaz's Antique Armour Boutique.
 34694 | Orc:2    | Bought the ring "Ange" {EV+5 Dex+3 Stlth+} for 677 gold
                  | pieces
 34974 | D:1      | Bought an amulet of reflection for 330 gold pieces
 35186 | D:14     | Bought a scroll of fog for 44 gold pieces
 35186 | D:14     | Bought a scroll of identify for 22 gold pieces
 35229 | D:10     | Bought a scroll of blinking for 105 gold pieces
 35229 | D:10     | Bought a scroll of fog for 56 gold pieces
 35229 | D:10     | Bought a scroll of revelation for 105 gold pieces
 35324 | Orc:2    | Bought a scroll of silence for 123 gold pieces
 35500 | Snake:1  | Entered Level 1 of the Snake Pit
 35562 | Snake:1  | Found Hptiniz's Humungous Hoard.
 35578 | Snake:1  | Bought a potion of heal wounds for 50 gold pieces
 35578 | Snake:1  | Bought a potion of haste for 100 gold pieces
 36237 | Snake:1  | Found Butar's Neck Hole.
 36963 | Snake:1  | Noticed Donald
 36982 | Snake:1  | Killed Donald
 37057 | Snake:1  | Identified the serpent talisman of the Rose {rC+ Str+4}
 37057 | Snake:1  | Noticed Aizul
 37068 | Snake:1  | Killed Aizul
 37885 | Snake:2  | Found Huivvaarph's Book Shoppe.
 37886 | Snake:2  | Found Iceox's Jewellery Shop.
 37888 | Snake:2  | Found Exiejati's Book Shoppe.
 37938 | Snake:2  | Noticed a nagaraja
 37962 | Snake:2  | Killed a nagaraja
 38154 | Snake:2  | You are sucked into a shaft and drop 1 floor!
 38536 | Snake:2  | Reached XP level 16. HP: 115/139 MP: 19/19
 38627 | Snake:2  | Identified the +6 whip "Enopp" {venom, ^Fragile +Blink
                  | rElec rC+}
 38659 | Snake:2  | Reached skill level 10 in Shields
 41344 | Snake:4  | Entered Level 4 of the Snake Pit
 41409 | Snake:4  | Found a runed translucent door.
 44495 | Snake:4  | Noticed Zonian's ghost (adept HOFi)
 44904 | Snake:4  | Got a serpentine rune of Zot
 45266 | Vaults:1 | Entered Level 1 of the Vaults
 45666 | Vaults:1 | Found a magical portal.
 45675 | WizLab   | Entered Maxwell's Workshop
 46100 | WizLab   | Identified the ring "Emmeq" {Fire rN++ Will- Str+8 SInv}
 46236 | WizLab   | Reached XP level 17. HP: 146/146 MP: 20/20
 46251 | WizLab   | Reached skill level 15 in Shields
 46839 | WizLab   | Identified the ring of Nastaos {Ice Str+3 Int+3 Dex+2}
 47004 | WizLab   | Found the +5 robe of Night {Dark Will+ SInv}
 47006 | WizLab   | Identified the ring "Xagh" {Fire Int+2 Dex+4}
 47046 | WizLab   | Noticed an electric golem
 47673 | Snake:2  | Bought a ring of willpower for 350 gold pieces
 47951 | Vaults:1 | Found Myjabuop's Assorted Antiques.
 50530 | Vaults:2 | Reached skill level 15 in Fighting
 51045 | Vaults:2 | Reached skill level 19 in Unarmed Combat
 51066 | Vaults:2 | Identified the ring of Zoral {rElec rN+ rCorr EV+5}
 51068 | Vaults:2 | Identified the orb "Peng" {*channel, rF+}
 51068 | Vaults:2 | Noticed Frederick
 51292 | Vaults:2 | Noticed a dread lich
 51296 | Vaults:2 | Noticed a Hell Sentinel
 51711 | Vaults:2 | Identified the +0 chain mail of Yceqea {Dex+3}
 52026 | Vaults:2 | Noticed a lich
 52040 | Vaults:2 | Killed a lich
 52041 | Vaults:2 | Reached XP level 18. HP: 155/163 MP: 21/21
 52334 | Vaults:2 | Noticed a Brimstone Fiend
 52346 | Vaults:2 | Killed a dread lich
 53066 | Vaults:3 | Reached skill level 20 in Unarmed Combat
 53593 | Vaults:3 | Found Akott's Armour Shoppe.
 54714 | Vaults:3 | Found a staircase to the Crypt.
 55123 | Vaults:4 | Found a flickering gateway to a bazaar.
 55133 | Bazaar   | Entered a bazaar
 55156 | Bazaar   | Found Zutulukk's Jewellery Emporium.
 55201 | Bazaar   | Found Qaxzer's Armour Shoppe.
 55201 | Bazaar   | Found Jimuwiesoph's Distillery.
 55250 | Bazaar   | Bought a potion of invisibility for 128 gold pieces
 55250 | Bazaar   | Bought a potion of might for 64 gold pieces
 55250 | Bazaar   | Bought a potion of heal wounds for 80 gold pieces
 55250 | Bazaar   | Bought a potion of heal wounds for 80 gold pieces
 55268 | Bazaar   | Bought a +0 pair of gloves of hurling for 115 gold pieces
 55274 | Bazaar   | Bought a potion of curing for 48 gold pieces
 55274 | Bazaar   | Bought a potion of enlightenment for 80 gold pieces
 57324 | Depths:1 | Entered Level 1 of the Depths
 57427 | Depths:1 | Noticed Sojobo
 57533 | Elf:1    | Entered Level 1 of the Elven Halls
 57541 | Elf:1    | Reached skill level 5 in Dodging
 57737 | Elf:1    | Found Uceaviw's Magic Scroll Emporium.
 57741 | Elf:1    | Noticed Eugor's ghost (adept DrIE)
 57748 | Elf:1    | Found a runed translucent door.
 58360 | Elf:1    | You are sucked into a shaft and drop 1 floor!
 58478 | Elf:2    | Reached XP level 19. HP: 100/177 MP: 22/22
 58663 | Elf:2    | Found a runed translucent gate.
 58663 | Elf:2    | Found a runed translucent gate.
 58663 | Elf:2    | Found a runed translucent gate.
 58728 | Elf:2    | Paralysed by an air elemental for 1 turns
 59057 | Elf:2    | Paralysed by an air elemental for 1 turns
 59062 | Elf:2    | Paralysed by an air elemental for 1 turns
 60119 | Elf:1    | Identified the +5 broad axe of Fate {heavy, Dex+4}
 60592 | Elf:2    | Reached skill level 10 in Dodging
 61573 | Elf:3    | Entered Level 3 of the Elven Halls
 61677 | Elf:3    | Identified the +6 whip of the Lusting Gods {heavy, Int-3
                  | Dex+6 SInv Stlth+}
 62037 | Elf:3    | Identified the amulet "Sutoi" {RegenMP Int+3}
 63745 | Elf:3    | Identified the +8 quarterstaff of Dissatisfaction {flame,
                  | rC+ rCorr}
 64137 | Elf:3    | Noticed a Tzitzimitl
 64320 | Elf:3    | Got the Elucidation of Hexing and Mud
 64352 | Elf:3    | Identified the +5 falchion "Jorgha Uhuobb" {venom, Will+
                  | Int+4}
 64393 | Elf:3    | Noticed a Brimstone Fiend
 64669 | Elf:3    | Identified the +1 ring mail of Burnt Intercession {Str+2
                  | SInv}
 64697 | Elf:3    | Identified the +1 dagger of Ukker {spect, Will+}
 65570 | Elf:1    | Bought a scroll of acquirement for 572 gold pieces
 65581 | Elf:1    | Acquired the +2 pair of gloves "Igiubb" {*Slow Will++ Dex+3
                  | SInv}
 65818 | Swamp:1  | Entered Level 1 of the Swamp
 65919 | Swamp:1  | Identified the +0 leather armour of Pan-Flutes {+Inv rF+++
                  | Str-4}
 65955 | Swamp:1  | You are sucked into a shaft and drop 1 floor!
 66180 | Swamp:3  | Noticed Mara
 66296 | Swamp:2  | Reached XP level 20. HP: 133/185 MP: 24/24
 66489 | Swamp:4  | Entered Level 4 of the Swamp
 66586 | Swamp:4  | Noticed Roxanne
 66756 | Swamp:4  | Noticed the 27-headed Lernaean hydra
 66764 | Swamp:4  | Killed the 27-headed Lernaean hydra
 66770 | Swamp:4  | Got a mossy gem with 945 turns to spare
 66772 | Swamp:4  | Got a decaying rune of Zot
 67012 | Swamp:3  | Found a runed translucent gate.
 67012 | Swamp:3  | Found a runed translucent gate.
 67013 | Swamp:3  | Found a runed translucent gate.
 67023 | Swamp:3  | Noticed MadMike78's ghost (adept GnFi)
 67103 | Swamp:3  | Killed MadMike78's ghost
 67138 | Swamp:3  | Noticed Implojin's illusion
 67888 | Vaults:5 | Entered Level 5 of the Vaults
 68864 | Vaults:5 | Noticed a dread lich
 69179 | Vaults:5 | Identified the ring "Qiythreo" {Ice rPois Int+2 Dex+3}
 69183 | Vaults:5 | Noticed a dread lich
 69349 | Vaults:5 | Identified the +0 plate armour of Elitism {Str+8 Int+2
                  | Dex-5}
 69419 | Vaults:5 | Identified the +1 hand axe of Ytaudd {freeze, Will+}
 69469 | Vaults:4 | Reached skill level 21 in Unarmed Combat
 69893 | Orc:2    | Bought a scroll of teleportation for 39 gold pieces
 69893 | Orc:2    | Bought a scroll of teleportation for 39 gold pieces
 69893 | Orc:2    | Bought a scroll of teleportation for 39 gold pieces
 69893 | Orc:2    | Bought a scroll of silence for 123 gold pieces
 69984 | Elf:1    | Bought a scroll of blinking for 82 gold pieces
 69984 | Elf:1    | Bought a scroll of teleportation for 33 gold pieces
 69984 | Elf:1    | Bought a scroll of teleportation for 33 gold pieces
 69984 | Elf:1    | Bought a scroll of teleportation for 33 gold pieces
 69984 | Elf:1    | Bought a scroll of enchant armour for 82 gold pieces
 70030 | Elf:1    | Killed Eugor's ghost
 70636 | Vaults:5 | Reached XP level 21. HP: 180/201 MP: 25/25
 70661 | Vaults:5 | Killed a dread lich
 71421 | Vaults:5 | Killed a dread lich
 71422 | Vaults:5 | Reached skill level 22 in Unarmed Combat
 71765 | Vaults:5 | Got a silver rune of Zot
 72208 | Vaults:5 | Noticed a golden dragon
 72220 | Vaults:5 | Killed a golden dragon
 72439 | Vaults:5 | Got the Precepts of the Damned and the Impact
 73259 | Vaults:5 | Identified the +6 giant club of Cowardice {drain, SInv}
 73735 | Snake:2  | Bought a manual of Armour for 1360 gold pieces
 74123 | Abyss:2  | Cast into level 2 of the Abyss (tengu warrior)
 74183 | Depths:1 | Escaped the Abyss
 74459 | Depths:1 | Killed Sojobo
 74641 | Depths:1 | Noticed Saint Roka
 74641 | Depths:1 | Noticed Boris
 74937 | Depths:1 | Killed Saint Roka
 75084 | Depths:1 | Killed Boris
 75123 | Depths:1 | Found a gateway to Hell.
 75892 | Depths:1 | Found a gateway to Hell.
 77244 | Depths:2 | Noticed the Enchantress
 77745 | Depths:1 | Killed the Enchantress
 78024 | Depths:2 | Found a one-way gate leading to the halls of Pandemonium.
 78189 | Depths:2 | Found a runed translucent gate.
 78189 | Depths:2 | Found a runed translucent gate.
 78189 | Depths:2 | Found a runed translucent gate.
 78189 | Depths:2 | Noticed an ancient lich
 78189 | Depths:2 | Found the +3 Elemental Staff {ele, rElec rF+ rC+ AC+3}
 78260 | Depths:2 | Noticed Dameikh's ghost (veteran FoFi)
 78260 | Depths:2 | Noticed a dread lich
 78260 | Depths:2 | Noticed an ancient lich
 78260 | Depths:2 | Noticed a dread lich
 78622 | Depths:2 | Reached skill level 15 in Armour
 78622 | Depths:2 | Reached XP level 22. HP: 132/215 MP: 26/26
 78876 | Depths:3 | Found a one-way gate to the infinite horrors of the Abyss.
 78976 | Depths:3 | Noticed Norris
 79521 | Depths:3 | Killed Norris
 79662 | Depths:2 | Noticed a juggernaut
 79895 | Depths:2 | Killed a juggernaut
 80159 | Depths:3 | Found a one-way gateway to a ziggurat.
 80547 | Depths:4 | Entered Level 4 of the Depths
 82289 | Depths:4 | Found a gate to the Realm of Zot.
 82650 | Depths:1 | Killed Dameikh's ghost
 82663 | Depths:1 | Killed a dread lich
 83971 | Depths:1 | Killed a dread lich
 84442 | Depths:1 | Killed an ancient lich
 84465 | Depths:2 | Killed an ancient lich
 84476 | Depths:2 | Identified the +2 hat of Banynlyk {Rampage rF- Regen+
                  | Str+3}
 84481 | Depths:2 | Identified the amulet "Carhisorph" {Acrobat Str+2}
 84850 | Slime:1  | Entered Level 1 of the Pits of Slime
 84917 | Slime:2  | Gained mutation: You occasionally shout uncontrollably at
                  | your foes. [a shining eye]
 84918 | Slime:2  | Gained mutation: You are vulnerable to cold. (rC-) [a
                  | shining eye]
 84985 | Slime:4  | Lost mutation: You are vulnerable to cold. (rC-) [potion of
                  | mutation]
 84985 | Slime:4  | Lost mutation: You occasionally shout uncontrollably at
                  | your foes. [potion of mutation]
 84985 | Slime:4  | Gained mutation: Your mind is acute. (Int +4, Str/Dex -1)
                  | [potion of mutation]
 84985 | Slime:4  | Gained mutation: Your natural rate of healing is unusually
                  | fast. [potion of mutation]
 84993 | Slime:5  | Entered Level 5 of the Pits of Slime
 85102 | Slime:5  | Noticed the Royal Jelly
 85132 | Slime:5  | Killed the Royal Jelly
 85133 | Slime:5  | Reached XP level 23. HP: 104/223 MP: 12/27
 85186 | Slime:5  | Paralysed by a formless jellyfish for 1 turns
 85216 | Slime:5  | Got the Annotations on Embers and Unhallowed Rituals
 85228 | Slime:5  | Identified the +1 robe of Satisfaction {rC+ rCorr Int+3
                  | Dex+3}
 85237 | Slime:5  | Found the brooch of Shielding {Spirit SH+8}
 85273 | Slime:5  | Got a slimy rune of Zot
 85277 | Slime:5  | Got a starry gem with 242 turns to spare
 85282 | Slime:5  | Identified the +3 leather armour "Womep" {rC+}
 85320 | Slime:5  | Identified the +0 scale mail of Tesh {rElec MP+9}
 85323 | Slime:5  | Identified the amulet of Ejothrer {Harm Regen+ Dex+3
                  | Stlth-}
 85327 | Slime:5  | Identified the amulet of Tutwaram {Acrobat Rampage Str+3
                  | Stlth-}
 85385 | Slime:2  | Gained mutation: Armour fits poorly on your strangely
                  | shaped body. [a shining eye]
 85665 | Depths:3 | Voluntarily entered the Abyss.
 85784 | Abyss:3  | Identified the +0 tower shield of Winter {rN+}
 85847 | Abyss:3  | Reached skill level 15 in Dodging
 86373 | Abyss:4  | Got an abyssal rune of Zot
 86393 | Depths:3 | Escaped the Abyss
 86898 | Vaults:2 | Killed Frederick
 87443 | Zot:1    | Entered Level 1 of the Realm of Zot
 87624 | Vaults:1 | Bought a potion of haste for 300 gold pieces
 87624 | Vaults:1 | Bought a potion of haste for 300 gold pieces
 87624 | Vaults:1 | Bought a silver ring for 150 gold pieces
 89086 | Zot:2    | Found the +4 dragonskin cloak
 89086 | Zot:2    | Noticed Tiamat
 89705 | Zot:2    | Killed Tiamat
 89758 | Zot:1    | Lost mutation: Armour fits poorly on your strangely shaped
                  | body. [potion of mutation]
 89758 | Zot:1    | Lost mutation: Your natural rate of healing is unusually
                  | fast. [potion of mutation]
 89758 | Zot:1    | Gained mutation: You have a pair of small antennae on your
                  | head. [potion of mutation]
 89758 | Zot:1    | Gained mutation: Your flesh is cold resistant. (rC+)
                  | [potion of mutation]
 89758 | Zot:1    | Gained mutation: You are vulnerable to heat. (rF-) [potion
                  | of mutation]
 89759 | Zot:1    | Lost mutation: Your mind is acute. (Int +4, Str/Dex -1)
                  | [potion of mutation]
 89759 | Zot:1    | Lost mutation: You are vulnerable to heat. (rF-) [potion of
                  | mutation]
 89759 | Zot:1    | Gained mutation: Armour fits poorly on your strangely
                  | shaped body. [potion of mutation]
 89759 | Zot:1    | Gained mutation: Your flesh is heat resistant. (rF+)
                  | [potion of mutation]
 89759 | Zot:1    | Gained mutation: Your mind is acute. (Int +4, Str/Dex -1)
                  | [potion of mutation]
 89966 | Vaults:1 | Bought a potion of resistance for 300 gold pieces
 90262 | Zot:2    | Noticed a dread lich
 90269 | Zot:2    | Noticed a dread lich
 90271 | Zot:2    | Killed a dread lich
 90273 | Zot:2    | Noticed a dread lich
 90509 | Zot:2    | Killed a dread lich
 90526 | Zot:1    | Killed a dread lich
 90611 | Zot:2    | Noticed a dread lich
 90618 | Zot:2    | Killed a dread lich
 91460 | Zot:3    | Identified the +11 plate armour of the Fifty Tales {Regen+
                  | Str+3 Int+3}
 91632 | Zot:3    | Reached skill level 23 in Unarmed Combat
 91632 | Zot:3    | Reached XP level 24. HP: 231/231 MP: 27/27
 92856 | Zot:4    | Reached skill level 24 in Unarmed Combat
 92959 | Zot:4    | Identified the amulet of Linearity {RegenMP rC+}
 92960 | Zot:4    | Noticed an ancient lich
 92965 | Zot:4    | Noticed an orb of fire
 92991 | Zot:4    | Killed an orb of fire
 93496 | Zot:4    | Killed an ancient lich
 93668 | Zot:4    | Identified the +4 hand axe "Saatos" {flame, rC+ Int+4
                  | Dex+4}
 94988 | Zot:5    | Entered Level 5 of the Realm of Zot
 95140 | Zot:5    | Identified the +5 scimitar "Aliperhe" {flame, Fly rCorr
                  | Dex-2}
 95492 | Zot:5    | Noticed an orb of fire
 95608 | Zot:5    | Noticed an ancient lich
 95619 | Zot:5    | Killed an ancient lich
 95620 | Zot:5    | Reached skill level 25 in Unarmed Combat
 95639 | Zot:5    | Gained mutation: You are frail. (-10% HP) [an orb of fire]
 95652 | Zot:5    | Killed an orb of fire
 95721 | Zot:5    | Noticed a dread lich
 95741 | Zot:5    | Killed a dread lich
 95791 | Zot:5    | Noticed a Killer Klown
 95841 | Zot:5    | Killed a Killer Klown
 95845 | Zot:5    | Noticed an ancient lich
 95861 | Zot:5    | Killed an ancient lich
 96514 | Zot:5    | Got the Orb of Zot
 96530 | Zot:5    | Noticed an ancient lich
 96688 | Zot:2    | Noticed Hioschog the pandemonium lord
 96983 | D:13     | Reached skill level 26 in Unarmed Combat
 97291 | D:$      | Escaped with the Orb!

Illustrated notes

Levels and vault maps discovered:
D:1:      minmay_arrival_stone_box, layout_basic, ebering_ecumenical_altar_mist,
          serial_shops, shop, minivault_14, minmay_misc_feat_tiny
D:2:      layout_loops_corners
D:3:      layout_basic, nicolae_ru_great_annihilating_truth,
          guppyfry_early_lair_pool
D:4:      layout_gridville, minmay_temple_entry_offerings
D:5:      layout_rooms, mainiacjoe_overflow_catwalk, minmay_bent,
          uniq_crazy_yiuf_cottage, uniq_eustachio
D:6:      layout_rooms, kennysheep_mini
D:7:      layout_cave_pools, lemuel_tele_altar, makhleb_altar_promises_db,
          ashenzari_conservatory_becter, nicolae_elyvilon_peaceful_grove
D:8:      minmay_skewed_foursquare, layout_basic, lemuel_round_altar
D:9:      layout_irregular_city, nicolae_wu_jian_immortal_techniques,
          fedhas_altar_3, chequers_serial_rivers_room_b
D:10:     layout_basic, mainiacjoe_overflow_cross_hatched, serial_shops,
          nicolae_stop_n_shop_2
D:11:     layout_basic, minivault_16
D:12:     minmay_the_grid_4x2 [minmay_the_grid_stretched_grid,
          minmay_the_grid_dragon_b, minmay_the_grid_doors,
          minmay_the_grid_plusring, minmay_the_grid_all_tris,
          minmay_the_grid_paths, minmay_the_grid_mess,
          minmay_the_grid_prize_four_corners_diamond_a], layout_small_grid,
          chequers_serial_rivers_micro_d
D:13:     layout_grid_maze, nicolae_lava_and_water, uniq_josephine
D:14:     layout_basic, david_vaults_3, chequers_garden, serial_shops, shop
D:15:     gammafunk_depths_entry_grave, layout_grid_maze,
          minmay_misc_feat_columns, serial_bayou_pond_e
Lair:1:   layout_hall_layers, ebering_ghost_xom, uniq_jeremiah
Lair:2:   layout_long_grid
Lair:3:   layout_gridlike, mainiacjoe_swamp_entry_lozenge_pond,
          guppyfry_snake_entry_garden, portal_ice_cave_entry_imps
Lair:4:   layout_layer_cave, slime_entry_1, uniq_rupert
Lair:5:   guppyfry_lair_end_dragon, layout_loops_ring,
          hangedman_lair_tendril_chambers, gauntlet_entry_generic
Swamp:1:  layout_falls_marsh, evilmike_swamp_ruin_house_6,
          nicolae_swamp_tree_isthmus
Swamp:2:  layout_basic_swamp, evilmike_swamp_ruin_rubble_2, swamp_pool_1_2,
          nicolae_swamp_bloodsuckers_inc
Swamp:3:  layout_basic_swamp, gammafunk_ghost_hydra_chop,
          evilmike_swamp_ruin_house_1, uniq_mara
Swamp:4:  grunt_swamp_rune_castle, layout_basic_swamp, uniq_roxanne
Snake:1:  layout_gridlike, nicolae_alphabet_shops,
          nicolae_shop_sticking_my_neck_out, nicolae_triple_integral,
          uniq_aizul, uniq_donald
Snake:2:  layout_gridlike, basic_altar, serial_corexii_hall,
          corexii_hall_statues_i, chequers_hall_statues_wall_a,
          corexii_hall_statues_s, corexii_hall_statues_l, minmay_shop_grove
Snake:3:  layout_onion, nicolae_snake_gridmaze_spiral
Snake:4:  johnstein_snake_rune_scales, layout_cave_shapes,
          ebering_ghost_inner_flame
Slime:1:  layout_caves, basic_altar
Slime:2:  layout_caves
Slime:3:  layout_caves
Slime:4:  layout_caves
Slime:5:  slime_pit_nicolae_block_by_block
Orc:1:    layout_caves, serial_shops, nicolae_shop_mannequins
Orc:2:    kennysheep_orc_mage_school, layout_diamond_mine,
          kennysheep_orc_sif_temple
Elf:1:    nicolae_elf_arrival_fired_up, layout_geoelf_grid, serial_shops, shop,
          hellmonk_ghost_big_iron, minmay_elf_crystal_hexagon
Elf:2:    nicolae_elf_blades_splatter_lattice [nicolae_blade_entry_pointy_end],
          layout_geoelf_octagon, mumra_transporter_accident
Elf:3:    nooodl_elf_gasket, layout_geoelf_diagonals, hangedman_summoners_spam
Vaults:1: mu_enter_wizlab_3, v_misc_19, ontoclasm_vaults_ligature,
          nicolae_vaults_more_shelving_2, v_misc_25,
          nicolae_vaults_inception_scallops, nicolae_vaults_double_plus_3,
          nicolae_vaults_door_testing_chamber, nicolae_vaults_surprise_closet,
          nicolae_vaults_doubleplus_tesselated, v_pattern_4,
          ontoclasm_vaults_ring_small, ontoclasm_vaults_shuriken,
          nicolae_vaults_display_case, nicolae_vaults_stairing_the_circle,
          layout_vaults_omnibox, serial_shops, shop
Vaults:2: nicolae_vaults_sightless_eye, nicolae_vaults_little_squares_2,
          nicolae_vaults_specimen_jars, v_misc_11, hangedman_vaults_slither,
          nicolae_vaults_sealed_display, nicolae_vaults_what_the_h,
          hangedman_vaults_capsules, ontoclasm_vaults_ring_small,
          nicolae_vaults_you_can_take_it_with_you,
          nicolae_vaults_trapezoid_lopsided_1, vaults_room_door_ring,
          layout_vaults_omnicross, uniq_frederick
Vaults:3: serial_library_hellmonk_open_cross, nicolae_vaults_tetromino_Z_2,
          hangedman_vaults_corner, vaults_dpeg_encased_lava,
          nicolae_vaults_house_2, vaults_room_large_hall, v_rooms_4,
          minmay_crypt_entry_simple_round, nicolae_vaults_closet_pinwheel_3,
          vaults_standard_mumra_x, nicolae_vaults_tetromino_T_2,
          nicolae_vaults_tetromino_Z_1, nicolae_vaults_storage_room_statues,
          layout_vaults_chaotic_city, serial_shops, nicolae_shop_crystal
Vaults:4: nicolae_vaults_three_branches, v_pattern_5, vaults_room_hallway,
          v_misc_2, nicolae_vaults_trapezoid_layered, layout_vaults_quadrants,
          serial_shops, bzr_entry_dummy
Vaults:5: serial_shops
Depths:1: layout_basic, hangedman_tar_grid_catacomb,
          serial_library_hellmonk_statue_hall, kennysheep_cluttered_room,
          kennysheep_small_circle, uniq_sojobo, uniq_saint_roka, uniq_boris
Depths:2: hangedman_arrow_trap, layout_gridville, grunt_hell_entry_dis_old,
          gammafunk_ghost_crypt, hangedman_decor_clover_reticule,
          rand_demon_pan_entry_9, minmay_staircase_windowed_small,
          uniq_enchantress
Depths:3: gammafunk_mikee_crab_dinner, layout_long_grid, enter_ziggurat_e,
          abyss_entry, nicolae_cairo_tiling_very_big, hell_entry,
          minmay_staircase_bubble, uniq_norris
Depths:4: grunt_twist_and_shout, layout_honeycomb,
          hangedman_abyss_or_decor_slice, abyss_entry, grunt_mini_vestibule
Zot:1:    layout_misc_corridors
Zot:2:    hellmonk_paralyzer, layout_gridlike,
          hangedman_zot_decor_unnerving_road, hangedman_zot_diagonal_lockstep,
          uniq_tiamat
Zot:3:    layout_gridlike, amethyst_zot_foddershock, grunt_megastairs_4
Zot:4:    regret_index_qazlal_generations, layout_onion, skrybe_zot_glass_1
Zot:5:    layout_twisted_circle

Skill      XL: |  1  2  3  4  5  6  7  8  9 10 11 12 13 14 15 16 17 18 19 20 21 22 23 24 |
---------------+-------------------------------------------------------------------------+-----
Unarmed Combat | 3 4 5 6 7 8 10 12 13 15 16 17 18 19 20 21 22 23 26 | 26.0
Fighting       | 2 4 7 10 12 15 17 20 22 | 22.0
Throwing       | 1 2 5 7 |  7.0
Evocations     | 3 5 8 |  8.0
Armour         | 4 6 9 10 13 15 18 | 18.5
Shields        | 5 6 9 14 15 | 15.0
Dodging        | 7 10 14 18 | 18.0
Shapeshifting  | |  2.6

Action                     |  1- 3 |  4- 6 |  7- 9 | 10-12 | 13-15 | 16-18 | 19-21 | 22-24 || total
---------------------------+-------+-------+-------+-------+-------+-------+-------+-------++-------
  Melee: Unarmed           |   100 |   126 |   422 |   880 |  1813 |  1963 |  2288 |  2521 || 10113
         Punch             |       |     6 |    20 |     9 |       |       |       |       ||    35
  Throw: Dart              |     7 |     7 |    21 |   100 |   146 |    24 |       |     2 ||   307
         Boomerang         |       |       |       |     9 |    16 |    64 |    59 |    86 ||   234
         Throwing net      |       |       |       |       |     3 |     3 |       |     1 ||     7
         Javelin           |       |       |       |       |       |    15 |       |     7 ||    22
Ability: Begin Untransform |     1 |       |       |       |       |       |       |       ||     1
         Evoke Blink       |       |     1 |     1 |       |       |       |       |       ||     2
  Evoke: Wand              |       |       |     6 |    11 |    27 |    18 |     2 |     3 ||    67
         Condenser vane    |       |       |       |     1 |     4 |     5 |     3 |     2 ||    15
         Sack of spiders   |       |       |       |       |     4 |     5 |     4 |     2 ||    15
    Use: Scroll            |     4 |       |     5 |     8 |    26 |    23 |    33 |    16 ||   115
         Potion            |     2 |     2 |       |     5 |    13 |    20 |    16 |    26 ||    84
   Stab: Sleeping          |     2 |     2 |       |       |       |       |       |     2 ||     6
         Distracted        |     1 |       |     1 |       |       |     1 |     2 |     4 ||     9
         Paralysed         |       |     2 |       |       |       |       |       |       ||     2
         Invisible         |       |       |     2 |       |       |       |       |       ||     2
         Betrayed ally     |       |       |       |     1 |     1 |       |       |       ||     2
         Confused          |       |       |       |     2 |     2 |     1 |     2 |     1 ||     8
         Petrified         |       |       |       |       |     2 |       |       |       ||     2
         Petrifying        |       |       |       |       |     1 |       |       |       ||     1
         Held in net/web   |       |       |       |       |     1 |     2 |       |     2 ||     5
 Armour: Animal skin       |    33 |    10 |       |       |       |       |       |       ||    43
         Skin              |     9 |       |       |       |     6 |     5 |       |       ||    20
         Ring mail         |       |    37 |       |       |       |       |       |       ||    37
         Plate armour      |       |    32 |   336 |   619 |  1148 |   696 |   725 |       ||  3556
         Fire dragon scale |       |       |       |       |       |       |    90 |   609 ||   699
  Dodge: Dodged            |    51 |    58 |   130 |   347 |   901 |   450 |   874 |  1193 ||  4004
  Block: Buckler           |       |       |       |   199 |   434 |       |       |       ||   633
         Kite shield       |       |       |       |       |    78 |   472 |       |       ||   550
         Reflection        |       |       |       |       |    13 |   146 |   130 |     2 ||   291
         Tower shield      |       |       |       |       |       |  1304 |  2705 |  2937 ||  6946
         Other             |       |       |       |       |       |     2 |       |       ||     2
   Form: Beast             |     2 |     1 |       |       |       |       |       |       ||     3
                           |       |     2 |       |       |       |       |       |       ||     2
